 Dungeon Crawl Stone Soup version 0.22.1-2-g9c5b331383 (webtiles) character file.

1086 Peloso the Shield-Bearer (level 8, 0/68 HPs)
             Began as a Minotaur Fighter on Nov 24, 2018.
             Was an Initiate of Okawaru.
             Slain by an ogre
             ... wielding a +0 giant club
              (19 damage)
             ... on level 6 of the Dungeon.
             The game lasted 00:07:14 (3656 turns).

Peloso the Shield-Bearer (Minotaur Fighter)         Turns: 3656, Time: 00:07:14

Health: 0/68       AC:  0    Str: 22    XL:     8   Next: 9%
Magic:  7/7        EV:  9    Int:  5    God:    Okawaru [......]
Gold:   263        SH: 11    Dex: 11    Spells: 7/7 levels left

rFire    . . .     SeeInvis .   a - +0 long sword
rCold    . . .     Gourm    .   c - +0 shield
rNeg     . . .     Faith    .   b - +0 scale mail
rPois    .         Spirit   .   (helmet restricted)
rElec    .         Reflect  .   (no cloak)
rCorr    .         Harm     .   (no gloves)
MR       .....                  (no boots)
Stlth    ..........             (no amulet)
HPRegen  0.21/turn              (no ring)
MPRegen  0.10/turn              (no ring)

@: corroded
A: retaliatory headbutt, horns 2
a: Renounce Religion


You were on level 6 of the Dungeon.
You worshipped Okawaru.
Okawaru was noncommittal.
You were not hungry.

You visited 2 branches of the dungeon, and saw 7 of its levels.

You collected 263 gold pieces.

Inventory:

Hand Weapons
 a - a +0 long sword (weapon)
Armour
 b - a +0 scale mail (worn)
 c - a +0 shield (worn)
Wands
 i - a wand of iceblast (6)
Scrolls
 e - 7 scrolls of identify {unknown}
 g - a scroll of enchant armour {unknown}
 h - 2 scrolls of teleportation {unknown}
 j - a scroll of noise {unknown}
 l - a scroll of fog {unknown}
 m - 3 scrolls of remove curse {unknown}
 o - a scroll of random uselessness {unknown}
 p - 2 scrolls of fear {unknown}
 t - a scroll of blinking {unknown}
 v - a scroll of vulnerability {unknown}
 w - a scroll of enchant weapon {unknown}
 x - a scroll of immolation {unknown}
Potions
 d - 2 potions of might
 k - 4 potions of curing {unknown}
 n - a potion of mutation {unknown}
 q - a potion of invisibility {unknown}
 r - a potion of brilliance {unknown}
 s - a potion of resistance {unknown}
Comestibles
 f - 9 rations
 u - a chunk of flesh


   Skills:
 + Level 5.0 Fighting
 + Level 6.3 Long Blades
 + Level 6.6 Armour
 + Level 2.4 Dodging
 + Level 0.7 Stealth
 + Level 7.2 Shields
 + Level 0.2 Evocations


You had 7 spell levels left.
You didn't know any spells.
Your spell library was empty.

Dungeon Overview and Level Annotations

Branches:
Dungeon (6/15)             Temple (1/1) D:5

Altars:
Ashenzari
Cheibriados
Dithmenos
Fedhas
Gozag
Hepliaklqana
Makhleb
Nemelex Xobeh
Okawaru
Qazlal
Ru
Sif Muna
Trog
Uskayaw
Vehumet
Wu Jian
Yredelemnul

Shops:
D:5 [

Annotations:
D:5 1 runed door, hemabe's ghost, amateur HuAr


Innate Abilities, Weirdness & Mutations

You reflexively headbutt those who attack you in melee.
You have a pair of horns on your head.


Message History

The ogre hits you with a giant club!
There is an open door, spattered with blood here.
You hit the ogre but do no damage.
You headbutt the ogre, but do no damage.
You block the ogre's attack.
You slash the ogre!
You headbutt the ogre, but do no damage.
The ogre is moderately wounded.
The ogre hits you with a giant club!!
* * * LOW HITPOINT WARNING * * *
You hit the ogre.
The ogre is heavily wounded.
You slash the ogre!
The ogre is severely wounded.
You block the ogre's attack.
You slash the ogre!
You headbutt the ogre, but do no damage.
The ogre is almost dead.
The ogre hits you with a giant club!!
You die...

#.# ### ####
########.#####.#
##...
...............#
#....
##......#####.#
#.... #..<....#
###.## #....
#.......# #....#
#.... #.......#
#....# #....
#.......# #....#
#....
....#+#@#.#
#....####... ###
#O#.#
#...........
..#.#
#....#######
####.# #....#
#....# #....#
....... ........
####..#


You could see an ogre.

Vanquished Creatures
  2 phantoms
  An ogre (D:4)
  A centaur (D:5)
  2 scorpions
  3 howler monkeys
  2 crimson imps (D:5)
  A hound (D:4)
  3 orc priests
  A centaur skeleton (D:4)
  A jelly (D:6)
  An orc wizard (D:4)
  An iguana (D:4)
  2 worker ants (D:4)
  A worker ant zombie (D:5)
  5 gnolls
  3 adders
  An adder zombie (D:6)
  2 adder skeletons
  2 worms
  A dart slug (D:1)
  A leopard gecko (D:1)
  10 orcs
  3 giant cockroaches
  8 goblins
  7 hobgoblins
  2 jackals (D:2)
  A quokka (D:4)
  3 ball pythons
  9 bats
  5 frilled lizards
  9 kobolds
  A leopard gecko skeleton (D:4)
  9 rats
104 creatures vanquished.

Notes
Turn   | Place    | Note
-------+----------+-------------------------------------------
     0 | D:1      | Peloso the Minotaur Fighter began the quest for the Orb.
     0 | D:1      | Reached XP level 1. HP: 19/19 MP: 0/0
    46 | D:1      | Reached XP level 2. HP: 27/27 MP: 1/1
   148 | D:1      | Reached skill level 4 in Shields
   148 | D:1      | Reached XP level 3. HP: 21/33 MP: 2/2
   481 | D:2      | Noticed a phantom
   504 | D:2      | Killed a phantom
   504 | D:2      | Reached skill level 1 in Dodging
   504 | D:2      | Reached XP level 4. HP: 8/41 MP: 3/3
   925 | D:2      | Reached XP level 5. HP: 37/47 MP: 4/4
  1472 | D:3      | Reached skill level 5 in Shields
  1725 | D:3      | Reached skill level 5 in Armour
  1746 | D:3      | Found a shadowy altar of Dithmenos.
  1811 | D:3      | Found a sacrificial altar of Ru.
  1980 | D:4      | Reached XP level 6. HP: 53/53 MP: 5/5
  2237 | D:4      | Reached skill level 5 in Long Blades
  2408 | D:4      | Reached skill level 6 in Shields
  2408 | D:4      | Reached XP level 7. HP: 60/60 MP: 6/6
  2581 | D:5      | Entered Level 5 of the Dungeon
  2735 | D:5      | Found Obruney's Antique Armour Boutique.
  2788 | D:5      | Reached skill level 5 in Fighting
  3012 | D:5      | Found a runed door.
  3018 | D:5      | Noticed hemabe's ghost (amateur HuAr)
  3161 | D:5      | Found a staircase to the Ecumenical Temple.
  3167 | D:5      | Reached XP level 8. HP: 67/68 MP: 7/7
  3172 | Temple   | Entered the Ecumenical Temple
  3262 | Temple   | Became a worshipper of Warmaster Okawaru
  3558 | D:6      | Found a blossoming altar of Fedhas.
  3566 | D:6      | Reached skill level 7 in Shields
  3656 | D:6      | Slain by an ogre

Skill      XL: |  1  2  3  4  5  6  7  8 |
---------------+-------------------------+-----
Armour         | 4 5 6 |  6.6
Fighting       | 4 5 |  5.0
Shields        | 4 5 6 7 |  7.2
Long Blades    | 3 4 5 6 |  6.3
Dodging        | 1 2 |  2.4
Stealth        | |  0.7
Evocations     | |  0.2

Action                   |  1- 3 |  4- 6 |  7- 9 || total
-------------------------+-------+-------+-------++-------
Melee: Long sword        |    77 |   156 |    65 ||   298
       Headbutt          |    15 |    29 |    23 ||    67
Evoke: Wand              |       |     2 |       ||     2
  Eat: Chunk             |       |     5 |     4 ||     9
Armor: Scale mail        |    38 |    65 |    18 ||   121
Dodge: Dodged            |    20 |    61 |    15 ||    96
Block: Shield            |    52 |   109 |    24 ||   185
       Rpst.: Long sword |     2 |    24 |     6 ||    32
